 Dungeon Crawl Stone Soup version 0.30.1-11-g7821555f0a (webtiles) character file.

Game seed: 16358815878989931499

172 porpoise the Shooter (level 5, -2/48 HPs)
             Began as a Minotaur Hunter on Jan 19, 2024.
             Killed by nerve-wracking pain
             ... invoked by an orc priest
              (14 damage)
             ... on level 3 of the Dungeon.
             The game lasted 00:06:19 (2163 turns).

porpoise the Shooter (Minotaur Hunter)              Turns: 2163, Time: 00:06:20

Health: -2/48      AC:  5    Str: 16    XL:     5   Next: 27%
Magic:  4/4        EV: 11    Int:  6    God:
Gold:   72         SH:  0    Dex: 15    Spells: 4/4 levels left

rFire   . . .        a - +0 shortbow
rCold   . . .        (shield currently unavailable)
rNeg    . . .        k - +0 ring mail
rPois   .            (helmet restricted)
rElec   .            (no cloak)
rCorr   .            (no gloves)
SInv    .            (no boots)
Will    .....        (no amulet)
Stlth   +            (no ring)
HPRegen 0.28/turn    (no ring)
MPRegen 0.09/turn

%: no passive effects
@: no status effects
A: horns 2, retaliatory headbutt
a: no special abilities


You were on level 3 of the Dungeon.
You visited 1 branch of the dungeon, and saw 3 of its levels.

You collected 72 gold pieces.

Inventory:

Hand Weapons
 a - a +0 shortbow (weapon)
Armour
 j - the +2 robe of Crawling {Int+2}
   (You found it on level 3 of the Dungeon)

   Int:       It affects your intelligence (+2).
 k - a +0 ring mail (worn)
Scrolls
 b - 4 scrolls of immolation
 d - a scroll of teleportation
 e - a scroll of identify
 f - a scroll of poison {unknown}
Potions
 g - 4 potions of curing
 h - a potion of attraction
 i - a potion of lignification


   Skills:
 + Level 5.0 Fighting
 + Level 6.0 Ranged Weapons
 + Level 0.0 Armour
 - Level 2.1 Dodging
 - Level 0.7 Stealth


You had 4 spell levels left.
You didn't know any spells.
Your spell library was empty.

Dungeon Overview and Level Annotations

Branches:
Dungeon (3/15)

Altars:

Shops:
D:2 ?


Innate Abilities, Weirdness & Mutations

You have a pair of horns on your head.
You reflexively headbutt those who attack you in melee.


Message History

The magic dart hits you!
You shoot an arrow.
The arrow closely misses the orc wizard.
You shoot an arrow. The arrow hits the orc wizard!
The orc wizard is heavily wounded.
The orc wizard closely misses you.
You shoot an arrow. The arrow hits the orc wizard.
The orc wizard is heavily wounded.
The orc wizard mumbles some strange words.
The orc wizard flickers and vanishes!
Deactivating autopickup; reactivate with Ctrl-A.
Something hits you.
You hear a shout!
You shoot an arrow.
You hear a shout! x2; You hear an angry hiss.
You hear some strange, mumbled words.
You are confused.
You bump into the rock wall.
Something hits you.
An orc priest comes into view. It is wielding a +0 whip.
Something hits you.
You bump into the rock wall.
Something hits you but does no damage.
An orc comes into view. It is wielding a +0 flail.
The orc priest calls down the wrath of Beogh upon you.
Beogh smites you! Something hits you but does no damage.
Something hits you but does no damage.
You miss something. Your headbutt misses something. Something hits you.
The orc priest hits you with a +0 whip.
You bump into the rock wall.
You feel less confused. Something hits you.
The orc priest hits you with a +0 whip.
* * * LOW HITPOINT WARNING * * *
You shoot an arrow. The arrow hits the orc priest.
The orc priest is moderately wounded.
You hear an angry hiss.
Something hits you.
* * * LOW HITPOINT WARNING * * *
The orc priest calls down the wrath of Beogh upon you.
Pain shoots through your body!
You die...

#.##.# #.##.#####
###'##.#.... ###
#......#.... ..#
#......#....
#.####......#....
#o#..'......#....
##o#.##......#....
+@....+.....>###.#
##.#.##...........
#.#..+...........
#.#..#...........
#.#..#....#......
#.##.#.##.#......
#.##.#.##.#......
#รท##.#.##.#......
#.##.#.##.#......


You could see an orc priest and an orc.

Vanquished Creatures
  Jessica (D:2)
  Natasha (thrice) (D:2)
  2 adders (D:2)
  A worm (D:2)
  A dart slug (D:1)
  7 ball pythons
  5 bats
  5 endoplasms
  2 giant cockroaches
  3 hobgoblins
  8 kobolds
  3 quokkas
  4 frilled lizards
  7 goblins
  2 rats (D:3)
54 creatures vanquished.

Notes
Turn   | Place    | Note
-------+----------+-------------------------------------------
     0 | D:1      | porpoise the Minotaur Hunter began the quest for the Orb.
     0 | D:1      | Reached XP level 1. HP: 18/18 MP: 0/0
    12 | D:1      | You fall into a shaft and drop 1 floor!
   110 | D:2      | Reached XP level 2. HP: 26/26 MP: 1/1
   210 | D:2      | Found Sexzam's Magic Scroll Shop.
   345 | D:1      | Reached skill level 5 in Ranged Weapons
   345 | D:1      | Reached XP level 3. HP: 29/31 MP: 2/2
   958 | D:2      | Noticed Jessica
   961 | D:2      | Killed Jessica
   962 | D:2      | Reached XP level 4. HP: 40/40 MP: 3/3
  1266 | D:2      | Noticed Natasha
  1289 | D:2      | Killed Natasha
  1689 | D:2      | Noticed Natasha
  1699 | D:2      | Killed Natasha
  1700 | D:2      | Reached XP level 5. HP: 25/47 MP: 4/4
  1757 | D:2      | Noticed Natasha
  1760 | D:2      | Killed Natasha
  1761 | D:2      | Reached skill level 6 in Ranged Weapons
  1946 | D:3      | Reached skill level 5 in Fighting
  1974 | D:3      | Identified the +2 robe of Crawling {Int+2}
  2163 | D:3      | Killed from afar by an orc priest

Illustrated notes

Levels and vault maps discovered:
D:1:      psy_arrival_fountain, layout_loops_ring, nrook_loot_triangle
D:2:      layout_loops_ring, serial_shops, nicolae_shop_statue_plus,
          serial_aquarium, aquarium_bridge_square [aquarium_subvault_window,
          aquarium_subvault_bridge, aquarium_subvault_bridge,
          aquarium_subvault_window], aquarium_window_corridor_3,
          aquarium_window_fake, aquarium_view_2d, aquarium_balcony_double_1,
          aquarium_pool_2, uniq_natasha, uniq_jessica
D:3:      layout_basic

Skill      XL: |  1  2  3  4  5 |
---------------+----------------+-----
Fighting       | 3 4 5 |  5.0
Ranged Weapons | 5 6 |  6.0
Dodging        | |  2.1
Stealth        | |  0.7

Action                     |  1- 3 |  4- 6 || total
---------------------------+-------+-------++-------
  Melee: Shortbow          |       |     1 ||     1
   Fire: Shortbow          |    90 |    96 ||   186
    Use: Scroll            |     3 |     1 ||     4
 Armour: Leather armour    |    14 |    13 ||    27
         Ring mail         |       |     3 ||     3
  Dodge: Dodged            |    20 |    37 ||    57
